 Dungeon Crawl Stone Soup version 0.27.1-3-gb3d3a73c9e (webtiles) character file.

Game seed: 17720217374568937656

1295 andesha the Cleaver (level 8, 0/70 HPs)
             Began as a Minotaur Berserker on Oct 15, 2021.
             Was a Priest of Trog.
             Slain by a troll (10 damage)
             ... on level 8 of the Dungeon.
             The game lasted 00:12:30 (4023 turns).

andesha the Cleaver (Minotaur Berserker)            Turns: 4023, Time: 00:12:30

Health: 0/70       AC:  8    Str: 24    XL:     8   Next: 30%
Magic:  7/7        EV: 12    Int:  4    God:    Trog [***...]
Gold:   200        SH:  0    Dex: 10    Spells: 7/7 levels left

rFire    + . .     SeeInvis .   a - +1 hand axe
rCold    . . .     Faith    .   (no shield)
rNeg     . . .     Spirit   .   c - +0 ring mail
rPois    .         Reflect  .   (helmet restricted)
rElec    .         Harm     .   (no cloak)
rCorr    .         Rampage  .   e - +1 pair of gloves
Will     .....                  (no boots)
Stlth    ++........             (no amulet)
HPRegen  0.21/turn              b - ring of protection from fire
MPRegen  0.10/turn              (no ring)

@: no status effects
A: horns 2, retaliatory headbutt, hooves 1, camouflage 1, sturdy frame 1
a: Renounce Religion, Berserk, Trog's Hand


You were on level 8 of the Dungeon.
You worshipped Trog.
Trog was most pleased with you.
You visited 1 branch of the dungeon, and saw 6 of its levels.

You collected 200 gold pieces.

Inventory:

Hand Weapons
 a - a +1 hand axe (weapon)
Armour
 c - a +0 ring mail (worn)
 e - a +1 pair of gloves (worn)
Jewellery
 b - a ring of protection from fire (left hand)
Wands
 d - a wand of polymorph (15)
Potions
 f - a potion of flight
 g - a potion of ambrosia {unknown}


   Skills:
 + Level 5.7 Fighting
 * Level 10.3 Axes
 + Level 4.5 Armour
 + Level 4.2 Dodging


You had 7 spell levels left.
You didn't know any spells.
Your spell library contained the following spells:

 Spells                   Type           Power      Damage    Failure   Level
 Passwall                 Tmut/Erth      0%         N/A       71%         2
 Swiftness                Air            0%         N/A       91%         3
 Invisibility             Hex            0%         N/A       100%        6


Dungeon Overview and Level Annotations

Branches:
Dungeon (5/15)
 Temple: D:4-7

Altars:
Dithmenos


Innate Abilities, Weirdness & Mutations

You have a pair of horns on your head.
You reflexively headbutt those who attack you in melee.
You have large cloven feet.
Your skin changes colour to match your surroundings (Stealth+).
Your movements are slightly less encumbered by armour. (ER -2)


Message History

Your kick misses the gnoll shaman.
The gnoll shaman is heavily wounded.
You hit the gnoll. You hit the troll. The gnoll shaman barely misses you.
You hit the gnoll shaman.
You kick the gnoll shaman, but do no damage.
The gnoll shaman is almost dead.
You hit the troll. You hit the gnoll. The troll bites you. The troll claws you.
The troll claws you! The gnoll closely misses you.
The gnoll shaman closely misses you.
You completely miss the gnoll shaman. You headbutt the gnoll shaman.
You kill the gnoll shaman!
Trog accepts your kill.
You hit the gnoll. You hit the troll. The troll bites you.
The troll claws you! x2
* * * LOW HITPOINT WARNING * * *
The gnoll closely misses you.
You are too injured to fight recklessly!
You are too injured to fight recklessly!
Cleave: a) +1 hand axe
Press: ? - help, Dir - move target, f - black bear
Aim: a black bear (about 28% to evade your +1 hand axe)
You slash the black bear!
The black bear is moderately wounded.
You hit the troll. You hit the gnoll.
You kill the gnoll!
Trog accepts your kill. The troll bites you!
* * * LOW HITPOINT WARNING * * *
The troll claws you.
* * * LOW HITPOINT WARNING * * *
The troll claws you but does no damage.
Cleave: a) +1 hand axe
Press: ? - help, Dir - move target, f/p - black bear
Aim: a black bear (moderately wounded, about 28% to evade your +1 hand axe)
You hit the black bear. Your kick misses the black bear.
The black bear is moderately wounded.
You hit the troll. The black bear bites you.
* * * LOW HITPOINT WARNING * * *
The black bear claws you but does no damage. x2
The troll barely misses you. The troll claws you!
You die...

♣♣♣.P..###...... ♣.
♣.♣.P♣♣..#...... ♣♣.♣♣
♣.P.♣♣♣.♣###....
♣....♣♣...♣...♣♣ ##'##
..♣.♣...P♣....♣♣#...# ..
♣......♣♣..P♣.P#..).
#...#...♣..♣..♣.♣###....
..!...h...♣..P...# #....
_...#@§§♣...♣♣.♣ #....
.....§)T.♣..♣♣♣ ...#...#
#...#.§.§.P§.♣ ..##..##
P. .§§§♣♣.P.♣.. ..##.##♣
PP♣♣§♣ ♣P.♣♣ PP .### ♣♣
# #. §.♣♣ . ♣. ## ♣P.♣
..


You could see a troll and a black bear.

Vanquished Creatures
  Sigmund (D:3)
  2 wyverns (D:8)
  A water moccasin (D:5)
  A necrophage (D:5)
  2 ogres (D:4)
  A phantom (D:4)
  A gnoll shaman (D:8)
  Ijyb (D:3)
  Natasha (thrice) (D:2)
  An iguana (D:4)
  2 hound skeletons (D:4)
  10 gnolls
  4 adders
  A worm (D:4)
  3 dart slugs
  2 orcs
  4 bats
  8 endoplasms
  6 giant cockroaches
  4 goblins
  3 hobgoblins
  8 jackals (D:3)
  8 kobolds
  4 quokkas
  6 ball pythons
  2 frilled lizards
  4 rats (D:1)
93 creatures vanquished.

Vanquished Creatures (others)
  44 plants (D:8)
44 creatures vanquished.

Grand Total: 137 creatures vanquished

Notes
Turn   | Place    | Note
-------+----------+-------------------------------------------
     0 | D:1      | andesha the Minotaur Berserker began the quest for the Orb.
     0 | D:1      | Reached XP level 1. HP: 19/19 MP: 0/0
   137 | D:1      | Reached skill level 4 in Axes
   141 | D:1      | Reached XP level 2. HP: 27/27 MP: 1/1
   204 | D:1      | Gained mutation: Your movements are slightly less
                  | encumbered by armour. (ER -2) [potion of mutation]
   204 | D:1      | Gained mutation: You have large cloven feet. [potion of
                  | mutation]
   204 | D:1      | Gained mutation: Your skin changes colour to match your
                  | surroundings (Stealth+). [potion of mutation]
   331 | D:1      | Found a faded altar of an unknown god.
   777 | D:2      | Reached XP level 3. HP: 32/33 MP: 2/2
  1143 | D:2      | Noticed Natasha
  1152 | D:2      | Killed Natasha
  1153 | D:2      | Reached skill level 5 in Axes
  1186 | D:2      | Noticed Natasha
  1202 | D:2      | Killed Natasha
  1202 | D:2      | Reached ** piety under Trog
  1203 | D:2      | Reached XP level 4. HP: 7/41 MP: 3/3
  1793 | D:2      | Noticed Natasha
  1804 | D:2      | Killed Natasha
  2088 | D:3      | Noticed Sigmund
  2139 | D:3      | Killed Sigmund
  2140 | D:3      | Reached skill level 7 in Axes
  2140 | D:3      | Reached XP level 5. HP: 8/47 MP: 4/4
  2140 | D:3      | Reached XP level 6. HP: 9/53 MP: 5/5
  2659 | D:3      | Noticed Ijyb
  2683 | D:3      | Killed Ijyb
  2889 | D:4      | Reached skill level 5 in Fighting
  2889 | D:4      | Reached XP level 7. HP: 46/61 MP: 6/6
  2892 | D:4      | Reached skill level 8 in Axes
  2898 | D:4      | Reached *** piety under Trog
  3608 | D:5      | Entered Level 5 of the Dungeon
  3614 | D:5      | Reached skill level 9 in Axes
  3788 | D:5      | You fall into a shaft and drop 3 floors!
  3788 | D:8      | Noticed a wyvern
  3788 | D:8      | Noticed a wyvern
  3797 | D:8      | Killed a wyvern
  3798 | D:8      | Reached XP level 8. HP: 62/69 MP: 7/7
  3802 | D:8      | Reached skill level 10 in Axes
  4013 | D:8      | Found a shadowy altar of Dithmenos.
  4013 | D:8      | Noticed a troll
  4023 | D:8      | Slain by a troll

Illustrated notes

Levels and vault maps discovered:
D:1:      dpeg_arrival_rooms_c, layout_loops_ring, basic_ecumenical_altar,
          chequers_serial_rivers_small_3, minivault_11
D:2:      layout_basic, minmay_misc_feat_more_columns,
          hangedman_abyss_or_decor_stabs, uniq_natasha
D:3:      layout_rooms, uniq_sigmund, uniq_ijyb
D:4:      layout_rooms, supply_closet_lemuel
D:5:      layout_loops_ring
D:8:      wad_woods_stonehenge, layout_basic,
          mainiacjoe_overflow_surrounded_room, tgw_kikubaaqudgha,
          kennysheep_potato, uniq_gastronok

Skill      XL: |  1  2  3  4  5  6  7  8 |
---------------+-------------------------+-----
Axes           | 4 5 7 9 10 | 10.3
Fighting       | 4 5 |  5.7
Armour         | 3 4 |  4.5
Dodging        | 3 4 |  4.2

Action                   |  1- 3 |  4- 6 |  7- 9 || total
-------------------------+-------+-------+-------++-------
Melee: Hand axe          |    55 |    92 |    79 ||   226
       Kick              |     7 |    18 |    23 ||    48
       Headbutt          |     4 |    15 |    20 ||    39
  Use: Scroll            |     5 |     1 |     1 ||     7
       Potion            |     2 |     3 |     1 ||     6
 Stab: Sleeping          |     4 |     3 |       ||     7
Armor: Animal skin       |    12 |     1 |       ||    13
       Ring mail         |       |    19 |    19 ||    38
       Skin              |       |     2 |       ||     2
Dodge: Dodged            |    36 |    52 |    57 ||   145
